 Dungeon Crawl Stone Soup version 0.28-a0-751-gef3a642a4e (webtiles) character file.

Game seed: 11568257260041498972

98 croobank the Digger (level 4, -2/24 HPs)
             Began as a Gargoyle Earth Elementalist on Oct 30, 2021.
             Slain by a hound (4 damage)
             ... on level 6 of the Dungeon on Oct 31, 2021.
             The game lasted 00:21:36 (2657 turns).

croobank the Digger (Gargoyle Earth Elementalist)   Turns: 2657, Time: 00:21:37

Health: -2/24      AC: 13    Str: 12    XL:     4   Next: 69%
Magic:  7/7        EV:  5    Int: 16    God:
Gold:   95         SH:  0    Dex: 16    Spells: 7/8 levels left

rFire   . . .      SeeInvis .   e - +4 dagger
rCold   . . .      Faith    .   (no shield)
rNeg    + . .      Spirit   .   g - +2 chain mail
rPois   ∞          Reflect  .   (no helmet)
rElec   +          Harm     .   (no cloak)
rCorr   .          Rampage  .   (no gloves)
Will    .....                   (no boots)
Stlth   ..........              (no amulet)
HPRegen 0.08/turn               a - +6 ring of dexterity
MPRegen 0.10/turn               (no ring)

@: very slightly contaminated
A: sickness immunity, AC +3, negative energy resistance 1, electricity
resistance, torment resistance 1, petrification resistance
a: no special abilities


You were on level 6 of the Dungeon.
You visited 1 branch of the dungeon, and saw 4 of its levels.

You collected 125 gold pieces.
You spent 30 gold pieces at shops.

Inventory:

Hand Weapons
 d - a +0 club
 e - a +4 dagger (weapon)
Missiles
 c - 76 stones
Armour
 b - a +0 robe
 g - a +2 chain mail (worn)
 i - a +0 scale mail
 k - a +0 helmet
Jewellery
 a - a +6 ring of dexterity (left hand)
Wands
 f - a wand of flame (10)


   Skills:
 + Level 1.8 Short Blades
 + Level 0.6 Armour
 + Level 1.7 Dodging
 + Level 2.3 Stealth
 + Level 2.6 Spellcasting
 + Level 0.7 Transmutations
 + Level 4.7 Earth Magic


You had 7 spell levels left.
You knew the following spells:

 Your Spells              Type           Power      Damage    Failure   Level
a - Sandblast             Erth           34%        2d9       77%         1

Your spell library contained the following spells:

 Spells                   Type           Power      Damage    Failure   Level
 Passwall                 Tmut/Erth      8%         N/A       99%         2
 Stone Arrow              Conj/Erth      18%        3d8       100%        3
 Petrify                  Tmut/Erth      10%        N/A       100%        4


Dungeon Overview and Level Annotations

Branches:
Dungeon (3/15)

Altars:
Dithmenos

Shops:
D:2 *


Innate Abilities, Weirdness & Mutations

You are immune to sickness and miasma.
Your stone body is resilient. (AC +3)
You are immune to poison.
You resist negative energy. (rN+)
You are resistant to electric shocks. (rElec)
You are resistant to unholy torment.
You are immune to petrification.


Message History

The floor.
As you read the scroll labelled VYDUTTEYTZ, it crumbles to dust.
It is a scroll of identify.
You don't have any unidentified items.
The hound bites you but does no damage. The ogre closely misses you.
Casting: Sandblast (safe; 77% risk of failure)
Confirm with . or Enter, or press ? or * to list all spells.
Okay, then.
Throw: 76 stones
Press: ? - help, Q - select action, (/) - cycle Shift-Dir - straight line, f/p - ogre
Aim: an ogre, wielding a +0 giant club (lightly wounded, 74% to hit)
Okay, then.
Aiming: Sandblast (safe; 77% risk of failure)
Press: ? - help, Q - select action, (/) - cycle Shift-Dir - straight line, f - hound, p - ogre
Aim: a hound (71% to hit)
You miscast Sandblast.
Nothing appears to happen.
The hound bites you. The hound barely misses you. The ogre barely misses you.
Casting: Sandblast (safe; 77% risk of failure)
Confirm with . or Enter, or press ? or * to list all spells.
Okay, then.
Found an amethyst potion.
You see here 5 gold pieces.
The ogre barely misses you. The hound bites you but does no damage.
There is a shadowy altar of Dithmenos here.
The hound stops to sniff the ground.
The ogre hits you with a +0 giant club!
* * * LOW HITPOINT WARNING * * *
Unknown command.
You flicker back into view.
The hound bites you but does no damage.
You aren't carrying any potions.
There is a broken door here.
The hound bites you but does no damage. The hound bites you.
* * * LOW HITPOINT WARNING * * *
The hound barely misses you. The hound bites you but does no damage.
The hound barely misses you. The hound bites you.
You die...

## ######## .# #......#
.###......# .........#
#........# ##@.......#
##.h.......#
##..........#
##....O......# ...
##......#.....# ...#
###.......[##...#
#...####............##.#
#...............##### #
!#...#######...###


You could see an ogre and a hound.

Vanquished Creatures
  A bullfrog skeleton (D:3)
  2 adders
  A worm (D:2)
  6 orcs (D:3)
  6 endoplasms
  4 giant cockroaches
  3 goblins
  2 hobgoblins (D:1)
  A kobold (D:1)
  2 quokkas (D:2)
  6 ball pythons
  A bat (D:1)
  2 frilled lizards
  3 rats
40 creatures vanquished.

Notes
Turn   | Place    | Note
-------+----------+-------------------------------------------
     0 | D:1      | croobank the Gargoyle Earth Elementalist began the quest
                  | for the Orb.
     0 | D:1      | Reached XP level 1. HP: 10/10 MP: 3/3
   345 | D:1      | Reached skill level 4 in Earth Magic
   345 | D:1      | Reached XP level 2. HP: 15/15 MP: 3/5
  1117 | D:2      | Reached XP level 3. HP: 17/19 MP: 4/6
  1287 | D:2      | Found Jaul's General Store.
  1295 | D:2      | Bought a potion of curing for 30 gold pieces
  2225 | D:3      | Reached XP level 4. HP: 24/24 MP: 7/7
  2230 | D:3      | Reached skill level 1 in Short Blades
  2365 | D:3      | Found a faded altar of an unknown god.
  2598 | D:3      | You fall into a shaft and drop 3 floors!
  2598 | D:6      | Noticed an ogre
  2619 | D:6      | Found a shadowy altar of Dithmenos.
  2649 | D:6      | HP: 1/24 [hound (4)]
  2657 | D:6      | Slain by a hound

Illustrated notes

Levels and vault maps discovered:
D:1:      zelgadis_glass_arrival_small, layout_basic, kennysheep_pointless_box,
          st_stairs_9, chequers_avenue, serial_bayou_crossing
D:2:      layout_loops_ring, serial_shops, nicolae_shop_stone
D:3:      layout_rooms, nicolae_vehumet_radiance, basic_ecumenical_altar,
          uniq_crazy_yiuf_cottage, uniq_ijyb, uniq_pargi, uniq_natasha
D:6:      lemuel_ratsnest, layout_layer_cave, amcnicky_altar_gilded,
          st_stairs_10

Skill      XL: |  1  2  3  4 |
---------------+-------------+-----
Earth Magic    | 4 |  4.7
Short Blades   | 1 |  1.8
Armour         | |  0.6
Dodging        | |  1.7
Stealth        | |  2.3
Spellcasting   | |  2.6
Transmutations | |  0.7

Action                   |  1- 3 |  4- 6 || total
-------------------------+-------+-------++-------
Melee: Dagger            |    65 |    28 ||    93
 Cast: Sandblast         |    18 |       ||    18
Evoke: Wand              |       |     1 ||     1
  Use: Scroll            |     6 |     2 ||     8
       Potion            |     1 |     2 ||     3
Armor: Chain mail        |    41 |    60 ||   101
       Robe              |     1 |       ||     1
Dodge: Dodged            |    17 |    18 ||    35

Table legend: (Time is in decaauts)
 A = Elapsed time spent in this place.
 B = Non-inter-level travel time spent in this place.
 C = Inter-level travel time spent in this place.
 D = Time resting spent in this place.
 E = Time spent auto-exploring this place.
 F = Levels seen in this place.
 G = Mean time per level.
                   A        B        C        D        E       F      G
               +--------+--------+--------+--------+--------+-----+--------+
         Total |   2660 |   2575 |     85 |    275 |   1768 |   4 |  665.0 |
       Dungeon |   2660 |   2575 |     85 |    275 |   1768 |   4 |  665.0 |
               +--------+--------+--------+--------+--------+-----+--------+

Top non-repeatable levels by time:
     D:1: 1095 daAuts
     D:2: 1080 daAuts
     D:3: 425 daAuts
     D:6: 58 daAuts
